 Dungeon Crawl Stone Soup version 0.31-a0-1074-g0b22e4e0f1 (webtiles) character file.

Game seed: 12741338645205430087

2771 jlumianski the Grappler (level 9, -3/91 HPs)
             Began as a Gnoll Shapeshifter on Nov 30, 2023.
             Was a Follower of Hepliaklqana.
             Slain by a human
             ... wielding a +0 long sword
              (11 damage)
             ... on level 8 of the Dungeon.
             The game lasted 00:29:58 (7108 turns).

jlumianski the Grappler (Gnoll Shapeshifter)        Turns: 7108, Time: 00:29:58

Health: -3/91      AC:  9    Str: 18    XL:     9   Next: 69%
Magic:  15/15      EV: 10    Int:  9    God:    Hepliaklqana [*.....]
Gold:   325        SH:  0    Dex: 12    Spells: 17/17 levels left

rFire   + .          .
                       - Unarmed
rCold   . . .        (no shield)
rNeg    . . .        s - +0 chain mail
rPois   .            (helmet currently unavailable)
rElec   .            (cloak currently unavailable)
rCorr   .            (gloves currently unavailable)
SInv    .            (boots currently unavailable)
Will    .....        (no amulet) Stlth
                     F - ring of protection from fire
HPRegen 0.35/turn    (no ring)
MPRegen 0.14/turn

%: no passive effects
@: berserking, beast-form, very quick
A: beast (slay +4), reduced essence, fangs 1, strong nose, distributed training
a: Begin Untransformation, Renounce Religion, Recall Ancestor, Ancestor Identity


You were on level 8 of the Dungeon.
You worshipped Hepliaklqana.
Hepliaklqana was aware of your devotion.
You were a hulking beast.
You visited 2 branches of the dungeon, and saw 9 of its levels.

You collected 358 gold pieces.
You spent 33 gold pieces at shops.

Inventory:

Hand Weapons
 o - a +0 dagger of venom
 w - a +0 arbalest
 A - a +0 mace of holy wrath
 C - a +0 sling
 D - a +2 dagger of speed
 G - a +2 whip of flaming
 I - a +2 heavy spear
 L - a +2 heavy halberd
Missiles
 n - 6 poisoned darts (quivered)
 E - 3 atropa-tipped darts
 M - 2 throwing nets
Armour
 a - a +0 animal skin
 h - a +0 leather armour
 i - a +0 scale mail
 s - a +0 chain mail (worn)
 B - a +0 helmet
Jewellery
 F - a ring of protection from fire (left hand)
Talismans
 c - a beast talisman
 d - a flux talisman
 S - a serpent talisman
Wands
 l - a wand of light (4)
 H - a wand of paralysis (5)
 K - a wand of iceblast (17)
Scrolls
 j - 2 scrolls of immolation
 k - a scroll of enchant armour
 m - a scroll of revelation
 p - a scroll of fog
 q - 3 scrolls of torment
 t - 6 scrolls of blinking
 x - a scroll of enchant weapon
 y - a scroll of fear
 J - 2 scrolls of noise {unknown}
 N - a scroll of vulnerability {unknown}
 O - a scroll of butterflies {unknown}
 R - a scroll of amnesia {unknown}
Potions
 b - a potion of lignification
 e - 5 potions of curing
 f - 2 potions of haste
 g - 2 potions of magic
 r - a potion of mutation
 u - a potion of enlightenment
 v - a potion of resistance
 z - 2 potions of berserk rage
 P - a potion of heal wounds {unknown}
 Q - a potion of degeneration {unknown}
 T - a potion of might {unknown}


   Skills:
 + Level 5.3 Fighting
 + Level 4.5 Short Blades
 + Level 4.5 Long Blades
 + Level 4.5 Axes
 + Level 4.5 Maces & Flails
 + Level 4.5 Polearms
 + Level 4.5 Staves
 + Level 4.5 Ranged Weapons
 + Level 4.5 Throwing
 + Level 4.5 Armour
 + Level 6.5 Dodging
 + Level 4.5 Stealth
 + Level 4.5 Shields
 + Level 8.1 Unarmed Combat
 + Level 4.5 Spellcasting
 + Level 3.8 Conjurations
 + Level 3.8 Hexes
 + Level 3.8 Summonings
 + Level 3.8 Necromancy
 + Level 3.8 Translocations
 + Level 3.8 Transmutations
 + Level 3.8 Fire Magic
 + Level 3.8 Ice Magic
 + Level 3.8 Air Magic
 + Level 3.8 Earth Magic
 + Level 3.8 Poison Magic
 + Level 5.0 Invocations
 + Level 4.5 Evocations
 + Level 7.8 Shapeshifting


You had 17 spell levels left.
You didn't know any spells.
Your spell library contained the following spells:

 Spells                   Type           Power      Damage    Failure   Level
 Sting                    Tmut/Pois      32%        1d4       43%         1
 Poisonous Vapours        Pois/Air       16%        N/A       56%         2
 Olgreb's Toxic Radiance  Pois           8%         N/A       99%         4


Dungeon Overview and Level Annotations

Branches:
Dungeon (8/15)             Temple (1/1) D:4
   Lair: D:8-11

Altars:
Ashenzari
Cheibriados
Dithmenos
Elyvilon
Fedhas
Hepliaklqana
Kikubaaqudgha
Okawaru
Ru
Sif Muna
Uskayaw
Wu Jian
Xom
Yredelemnul
Zin
The Shining One

Shops:
D:1 (   D:4 [

Portals:
Abyss: D:6

Annotations:
D:4 1 runed translucent door
D:6 2 transporters, kd29's ghost, novice DrSh


Innate Abilities, Weirdness & Mutations

You are a hulking beast.
Your limbs bulge with bestial killing power. (Slay +4)
Your life essence is reduced to manifest your ancestor. (-10% HP)
You have very sharp teeth.
Your uncanny sense of smell can sniff out nearby items.
Your experience applies equally to all skills.


Message History

Thulani hits the human!
The human attacks as it pursues you!
The human hits you with a +0 long sword!
The human completely misses Thulani.
You hit the human. Your bite misses the human.
The human is moderately wounded.
Thulani hits the human but does no damage.
The human closely misses Thulani.
You barely miss the human.
The human is moderately wounded.
The human hits you with a +0 long sword.
Thulani hits the human but does no damage.
You barely miss the human.
The human is moderately wounded.
The human barely misses Thulani.
The human hits you with a +0 long sword.
* * * LOW HITPOINT WARNING * * *
Thulani barely misses the human.
You barely miss the human. You punch the human! You bite the human.
The human is severely wounded.
The human closely misses Thulani.
The human hits you with a +0 long sword.
* * * LOW HITPOINT WARNING * * *
Thulani hits the human.
You punch the human!
You kill the human!
Thulani hits the human but does no damage.
Aiming: Paralyse
Press: ? - help, Shift-Dir - straight line, f - human
Aim: a human, wielding a +0 long sword and wearing a +0 ring mail (ally target, chance to affect: 61%)
The human resists with significant effort.
The human hits you with a +0 long sword!
* * * LOW HITPOINT WARNING * * *
Thulani hits the human but does no damage.
A red film seems to cover your vision as you go berserk!
You feel yourself moving faster!
You feel mighty! The human barely misses you.
Thulani hits the human.
You punch the human!
The human is heavily wounded.
The human hits you with a +0 long sword!
You die...

. ### .......#
.....#.# ...##.##
......>
######.###.####
#... #.##.....#
#..###.##..##.#
#_Rph..##..##.#
#..###.##..##.#
#... #.....##.#
######.##.###.#####
...##.# #.....#
###.##.# #####.#
#.##.# #<# #....#
#.# ###### #..


You could see the friendly Thulani the ancestor and a human (ally target).

Vanquished Creatures
  Pikel (D:5)
  Grinder (D:5)
  Sigmund (D:3)
  A human (D:8)
  A steam dragon (D:7)
  Menkaure (D:4)
  2 black bears (D:5)
  A sky beast (D:6)
  An ice beast (D:6)
  3 ogres
  A lemure (D:5)
  Blork the orc (D:4)
  A scorpion (D:4)
  An electric eel (D:7)
  3 orc priests
  2 hounds (D:5)
  A jelly (D:7)
  A gnoll bouda (D:4)
  An iguana (D:4)
  4 orc wizards
  Natasha (twice) (D:3)
  Robin (D:3)
  9 adders
  8 gnolls
  A shadow imp (D:4)
  2 white imps
  2 worms (D:2)
  2 dart slugs
  14 orcs
  8 endoplasms
  4 giant cockroaches
  15 goblins
  7 hobgoblins
  7 jackals
  3 kobolds
  8 quokkas
  5 ball pythons
  7 bats
  4 frilled lizards
  A goblin skeleton (D:4)
  A kobold zombie (D:4)
  8 rats
148 creatures vanquished.

Vanquished Creatures (collateral kills)
  An ogre (D:6)
  A gnoll bouda (D:5)
  An orc wizard (D:7)
  A gnoll (D:5)
  2 orcs (D:7)
6 creatures vanquished.

Vanquished Creatures (others)
  2 ancestors
2 creatures vanquished.

Grand Total: 156 creatures vanquished

Notes
Turn   | Place    | Note
-------+----------+-------------------------------------------
     0 | D:1      | jlumianski the Gnoll Shapeshifter began the quest for the
                  | Orb.
     0 | D:1      | Reached XP level 1. HP: 17/17 MP: 1/1
   131 | D:1      | Reached XP level 2. HP: 23/23 MP: 2/2
   256 | D:2      | Found a faded altar of an unknown god.
   437 | D:1      | Found Culet's Weapon Shop.
   441 | D:1      | Bought 4 poisoned darts for 33 gold pieces
   499 | D:1      | Reached XP level 3. HP: 27/28 MP: 3/3
   862 | D:2      | Reached skill level 1 in Invocations
   916 | D:2      | Reached skill level 1 in Short Blades
   916 | D:2      | Reached skill level 1 in Long Blades
   916 | D:2      | Reached skill level 1 in Axes
   916 | D:2      | Reached skill level 1 in Maces & Flails
   916 | D:2      | Reached skill level 1 in Polearms
   916 | D:2      | Reached skill level 1 in Staves
   916 | D:2      | Reached skill level 1 in Ranged Weapons
   916 | D:2      | Reached skill level 1 in Throwing
   916 | D:2      | Reached skill level 1 in Armour
   916 | D:2      | Reached skill level 1 in Stealth
   916 | D:2      | Reached skill level 1 in Shields
   916 | D:2      | Reached skill level 1 in Spellcasting
   916 | D:2      | Reached skill level 1 in Evocations
  1043 | D:2      | You fall into a shaft and drop 2 floors!
  1097 | D:4      | Noticed a scorpion
  1112 | D:4      | Reached skill level 1 in Conjurations
  1112 | D:4      | Reached skill level 1 in Hexes
  1112 | D:4      | Reached skill level 1 in Summonings
  1112 | D:4      | Reached skill level 1 in Necromancy
  1112 | D:4      | Reached skill level 1 in Translocations
  1112 | D:4      | Reached skill level 1 in Transmutations
  1112 | D:4      | Reached skill level 1 in Fire Magic
  1112 | D:4      | Reached skill level 1 in Ice Magic
  1112 | D:4      | Reached skill level 1 in Air Magic
  1112 | D:4      | Reached skill level 1 in Earth Magic
  1112 | D:4      | Reached skill level 1 in Poison Magic
  1112 | D:4      | Reached XP level 4. HP: 22/34 MP: 5/5
  1112 | D:4      | Killed a scorpion
  1113 | D:4      | Reached XP level 5. HP: 27/41 MP: 5/7
  1194 | D:4      | Found Videninn's Armour Emporium.
  1231 | D:4      | Noticed a human
  1232 | D:4      | Found a runed translucent door.
  1237 | D:4      | Found a basalt altar of Yredelemnul.
  1330 | D:4      | Reached XP level 6. HP: 31/47 MP: 8/8
  1425 | D:4      | Noticed Blork the orc
  2056 | D:3      | Noticed Sigmund
  2112 | D:2      | Reached skill level 5 in Dodging
  2244 | D:2      | Found a broken altar of Ashenzari.
  2286 | D:3      | Found a sacrificial altar of Ru.
  2293 | D:3      | Noticed Natasha
  2300 | D:3      | Killed Natasha
  2380 | D:4      | Found a staircase to the Ecumenical Temple.
  2410 | Temple   | Entered the Ecumenical Temple
  2487 | Temple   | Became a worshipper of Hepliaklqana the Forgotten
  2543 | D:5      | Entered Level 5 of the Dungeon
  2588 | D:4      | Noticed Menkaure
  2597 | D:4      | Killed Menkaure
  2598 | D:4      | Reached XP level 7. HP: 29/52 MP: 10/10
  2713 | D:3      | Killed Sigmund
  2714 | D:3      | Reached skill level 7 in Unarmed Combat
  3198 | D:3      | Noticed Natasha
  3220 | D:3      | Killed Natasha
  3281 | D:3      | Noticed Robin
  3311 | D:3      | Killed Robin
  3394 | D:3      | Found a hide-covered altar of Uskayaw.
  3666 | D:4      | Killed Blork the orc
  3760 | D:4      | Reached XP level 8. HP: 56/60 MP: 12/12
  4285 | D:6      | Noticed a small abomination
  4293 | D:6      | Noticed a soul eater
  4295 | D:6      | Noticed a toenail golem
  4299 | D:6      | Found a transporter.
  4362 | D:6      | Noticed Pikel
  4396 | D:5      | Killed Pikel
  4696 | D:5      | Found a shimmering altar of Xom.
  4800 | D:5      | Reached XP level 9. HP: 64/66 MP: 14/14
  4801 | D:5      | Noticed Grinder
  4812 | D:5      | Reached * piety under Hepliaklqana
  5124 | D:6      | Found a transporter.
  5179 | D:6      | Found a one-way gate to the infinite horrors of the Abyss.
  5179 | D:6      | Noticed kd29's ghost (novice DrSh)
  5698 | D:5      | Reached skill level 5 in Fighting
  5930 | D:5      | Paralysed by Grinder for 5 turns
  5948 | D:5      | Killed Grinder
  6461 | D:7      | Reached skill level 8 in Unarmed Combat
  6744 | D:7      | Reached skill level 5 in Invocations
  7092 | D:8      | Found an iron altar of Okawaru.
  7108 | D:8      | Slain by a human

Illustrated notes

Levels and vault maps discovered:
D:1:      evilmike_arrival_grusome_pit, layout_rooms, serial_shops,
          nicolae_shop_hallway_stairs, serial_glass, glass_columns_a,
          glass_columns_b
D:2:      layout_loops_corners, basic_altar, hellmonk_ecumenical_altar_blasted,
          serial_rivers, chequers_serial_rivers_small_b,
          chequers_serial_rivers_small_b, chequers_serial_rivers_large_b,
          chequers_serial_rivers_micro_e, chequers_serial_rivers_micro_b,
          hangedman_decor_peaks_small, serial_bayou_pond_e,
          kennysheep_generic_room_10
D:3:      layout_basic, mainiacjoe_overflow_alcove_2,
          nicolae_ru_sacrificial_ziggurat, minmay_tree_intersection,
          reono_crystal_passage, uniq_robin, uniq_natasha, uniq_sigmund
D:4:      layout_rooms, dk_yredelemnul_ordeal, minmay_temple_entry_stoned_glass,
          serial_curves, eino_curves_02, eino_curves_04, serial_shops,
          nicolae_take_the_stairs, uniq_blork_the_orc, uniq_menkaure
D:5:      layout_loops_corners, mainiacjoe_overflow_cross_hatched,
          minmay_misc_feat_alley, uniq_grinder
D:6:      layout_basic, gammafunk_ghost_abyssal_escape, nrook_loot_triangle,
          uniq_pikel
D:7:      statuecave_lemuel, layout_loops_ring, kennysheep_cross_room,
          eino_small_chamber_without_monster
D:8:      layout_loops_ring, mainiacjoe_overflow_chevrons,
          nemelex_diamond_rough_becter, okawaru_humans,
          mainiacjoe_overflow_six_doors_small
Temple:   bh_familiar_temple

Skill      XL: |  1  2  3  4  5  6  7  8  9 |
---------------+----------------------------+-----
Invocations    | 1 2 3 4 5 |  5.0
Short Blades   | 1 2 3 4 |  4.5
Long Blades    | 1 2 3 4 |  4.5
Axes           | 1 2 3 4 |  4.5
Maces & Flails | 1 2 3 4 |  4.5
Polearms       | 1 2 3 4 |  4.5
Staves         | 1 2 3 4 |  4.5
Ranged Weapons | 1 2 3 4 |  4.5
Throwing       | 1 2 3 4 |  4.5
Armour         | 1 2 3 4 |  4.5
Stealth        | 1 2 3 4 |  4.5
Shields        | 1 2 3 4 |  4.5
Spellcasting   | 1 2 3 4 |  4.5
Evocations     | 1 2 3 4 |  4.5
Conjurations   | 1 2 3 |  3.8
Hexes          | 1 2 3 |  3.8
Summonings     | 1 2 3 |  3.8
Necromancy     | 1 2 3 |  3.8
Translocations | 1 2 3 |  3.8
Transmutations | 1 2 3 |  3.8
Fire Magic     | 1 2 3 |  3.8
Ice Magic      | 1 2 3 |  3.8
Air Magic      | 1 2 3 |  3.8
Earth Magic    | 1 2 3 |  3.8
Poison Magic   | 1 2 3 |  3.8
Fighting       | 3 4 5 |  5.3
Dodging        | 5 6 |  6.5
Unarmed Combat | 7 8 |  8.1
Shapeshifting  | 7 |  7.8

Action                     |  1- 3 |  4- 6 |  7- 9 || total
---------------------------+-------+-------+-------++-------
  Melee: Unarmed           |    74 |   100 |   174 ||   348
         Bite              |     6 |     4 |    14 ||    24
         Punch             |       |     4 |    11 ||    15
   Fire: Arbalest          |       |       |    49 ||    49
  Throw: Dart              |     2 |     7 |     4 ||    13
 Invoke: Recall Ancestor   |       |       |     1 ||     1
  Evoke: Wand              |     1 |     2 |     2 ||     5
    Use: Scroll            |     3 |     5 |     7 ||    15
         Potion            |       |     1 |     1 ||     2
   Stab: Invisible         |       |     1 |       ||     1
 Armour: Animal skin       |     5 |       |       ||     5
         Leather armour    |    18 |       |       ||    18
         Scale mail        |     1 |    18 |       ||    19
         Chain mail        |       |    38 |   164 ||   202
  Dodge: Dodged            |    36 |    33 |    70 ||   139

Table legend: (Time is in decaauts)
 A = Elapsed time spent in this place.
 B = Non-inter-level travel time spent in this place.
 C = Inter-level travel time spent in this place.
 D = Time resting spent in this place.
 E = Time spent auto-exploring this place.
 F = Levels seen in this place.
 G = Mean time per level.
                   A        B        C        D        E       F      G
               +--------+--------+--------+--------+--------+-----+--------+
         Total |   7151 |   6928 |    223 |    607 |   3375 |   9 |  794.6 |
       Dungeon |   7046 |   6823 |    223 |    607 |   3375 |   8 |  880.8 |
        Temple |    104 |    104 |      0 |      0 |      0 |   1 |  104.0 |
               +--------+--------+--------+--------+--------+-----+--------+

Top non-repeatable levels by time:
     D:5: 1415 daAuts
     D:2: 1315 daAuts
     D:6: 1105 daAuts
     D:3: 970 daAuts
     D:4: 890 daAuts
     D:7: 685 daAuts
     D:1: 620 daAuts
  Temple: 104 daAuts
     D:8: 44 daAuts
